 Dungeon Crawl Stone Soup version 0.27.0-1-g7a089689b8 (webtiles) character file.

Game seed: 12584156965341583161

56 ZombieSheep the Slasher (level 3, -1/31 HPs)
             Began as a Minotaur Gladiator on Aug 2, 2021.
             Slain by Purgy (2 damage)
             ... in a sewer.
             The game lasted 00:03:27 (2141 turns).

ZombieSheep the Slasher (Minotaur Gladiator)        Turns: 2141, Time: 00:03:28

Health: -1/31      AC:  3    Str: 16 (18) XL:     3   Next: 69%
Magic:  2/2        EV: 12    Int:  3 (5)  God:
Gold:   98         SH:  0    Dex:  9 (12) Spells: 2/2 levels left

rFire    . . .     SeeInvis .   a - +0 long sword
rCold    . . .     Faith    .   (no shield)
rNeg     . . .     Spirit   .   b - +0 leather armour
rPois    .         Reflect  .   c - +0 hat
rElec    .         Harm     .   (no cloak)
rCorr    .         Rampage  .   (no gloves)
Will     .....                  (no boots)
Stlth    +.........             (no amulet)
HPRegen  0.10/turn              (no ring)
MPRegen  0.08/turn              (no ring)

@: no status effects
A: horns 2, retaliatory headbutt
a: no special abilities


You were in a sewer.
You visited 1 branch of the dungeon, and saw 3 of its levels.
You also visited: Sewer.

You collected 98 gold pieces.

Inventory:

Hand Weapons
 a - a +0 long sword (weapon)
Armour
 b - a +0 leather armour (worn)
 c - a +0 hat (worn)
Potions
 e - 2 potions of ambrosia {unknown}
 f - 2 potions of degeneration
 g - a potion of invisibility {unknown}
 h - 2 potions of curing {unknown}
 i - a potion of resistance {unknown}
 j - a potion of brilliance {unknown}


   Skills:
 + Level 3.1 Fighting
 * Level 4.5 Long Blades
 - Level 2.0 Throwing
 + Level 1.5 Armour
 + Level 3.7 Dodging


You had 2 spell levels left.
You didn't know any spells.
Your spell library contained the following spells:

 Spells                   Type           Power      Damage    Failure   Level
 Gell's Gravitas          Tloc           0%         N/A       92%         3
 Lesser Beckoning         Tloc           0%         N/A       92%         3
 Teleport Other           Tloc           0%         N/A       92%         3


Dungeon Overview and Level Annotations

Branches:
Dungeon (3/15)              Sewer (1/1)

Altars:

Shops:
D:1 (

Annotations:
D:3 1 runed translucent door, Crazy Yiuf Sewer Purgy


Innate Abilities, Weirdness & Mutations

You have a pair of horns on your head.
You reflexively headbutt those who attack you in melee.


Message History

Throw: throwing net
Press: ? - help, Q - select action Shift-Dir - straight line, f/p - Purgy
Aim: Purgy (heavily wounded, 51% to hit)
You throw a throwing net. The throwing net closely misses Purgy.
Purgy bites you. Purgy claws you but does no damage. Purgy claws you.
It was a potion of degeneration.
There was something very wrong with that liquid.
You feel weakened.
You feel dopey.
You feel clumsy. Purgy bites you. Purgy completely misses you. Purgy claws you.
You miss Purgy.
Purgy is moderately wounded.
Purgy barely misses you. x3; Purgy closely misses you.
Purgy claws you. Purgy closely misses you.
You slash Purgy!
Purgy is heavily wounded.
Purgy bites you but does no damage. Purgy claws you but does no damage.
Purgy claws you.
You barely miss Purgy. Your headbutt misses Purgy.
Purgy is heavily wounded.
Purgy bites you. Purgy claws you but does no damage. Purgy closely misses you.
You hit Purgy.
Purgy is heavily wounded.
Purgy bites you but does no damage. Purgy claws you.
* * * LOW HITPOINT WARNING * * *
Purgy barely misses you.
You hit Purgy.
Purgy is heavily wounded.
Purgy misses you.
You riposte.
You hit Purgy.
Purgy is heavily wounded.
Purgy claws you.
* * * LOW HITPOINT WARNING * * *
Purgy claws you.
* * * LOW HITPOINT WARNING * * *
You slash Purgy!
Purgy is almost dead.
Purgy clenches his claws.
Purgy closely misses you.
You riposte.
You hit Purgy.
Purgy is almost dead.
Purgy claws you.
You die...

##$($/$##
#..$)$..#
#.......#
#.......#
#.......#
#.......# #..T..#
####### #@#
##.....## #.#
#...≈...## #.#
.†.≈≈≈...#######.#
∩.≈≈≈≈≈..........#
††.≈≈≈...#######.#
#...≈...## #.#
##.....## #.#
####### #.#


You could see Purgy.

Vanquished Creatures
  An adder (D:3)
  3 worms (D:2)
  8 bats
  2 endoplasms (D:2)
  4 giant cockroaches
  2 goblins (D:2)
  2 hobgoblins (D:1)
  A quokka (D:2)
  4 ball pythons
  2 frilled lizards (D:2)
  5 kobolds
  3 rats
37 creatures vanquished.

Notes
Turn   | Place    | Note
-------+----------+-------------------------------------------
     0 | D:1      | ZombieSheep the Minotaur Gladiator began the quest for the
                  | Orb.
     0 | D:1      | Reached XP level 1. HP: 18/18 MP: 0/0
    12 | D:1      | Found Xuarch's Antique Weapon Shop.
   585 | D:2      | Reached XP level 2. HP: 11/25 MP: 1/1
   800 | D:2      | Reached skill level 4 in Long Blades
   821 | D:2      | Reached skill level 1 in Armour
  1464 | D:2      | Reached XP level 3. HP: 26/30 MP: 2/2
  1814 | D:3      | Found a runed translucent door.
  1815 | D:3      | Noticed Crazy Yiuf
  1873 | D:3      | Found a faded altar of an unknown god.
  2033 | D:3      | Found a glowing drain.
  2061 | Sewer    | Entered a sewer
  2124 | Sewer    | Noticed Purgy
  2140 | Sewer    | HP: 1/31 [Purgy (2)]
  2141 | Sewer    | Slain by Purgy

Illustrated notes

Levels and vault maps discovered:
D:1:      heliophobic_arrival_enchanted_forest, layout_basic, serial_shops,
          shop, serial_corexii_hall, chequers_hall_statues_wall_a,
          corexii_hall_statues_s, nrook_campfire
D:2:      layout_rooms, wad_floor_pattern_2, minmay_unequal
D:3:      layout_basic, shapermc_ecumenical_altar_mp_ritualfount,
          gup_sewer_entry_glass, kennysheep_doodads, uniq_crazy_yiuf_cottage
Sewer:    sewer_big_baddie

Skill      XL: |  1  2  3 |
---------------+----------+-----
Long Blades    | 4 |  4.5
Armour         | 1 |  1.5
Fighting       | 3 |  3.1
Throwing       | |  2.0
Dodging        | |  3.7

Action                   || total
-------------------------++-------
Melee: Long sword        ||    86
       Headbutt          ||    14
Throw: Throwing net      ||     3
  Use: Scroll            ||     3
       Potion            ||     1
 Stab: Sleeping          ||     1
Armor: Leather armour    ||    27
Dodge: Dodged            ||    62
       Rpst.: Long sword ||    16
